 Dungeon Sprint DCSS version 0.30-a0-715-gdb4ae3ece1 (webtiles) character file.

Game seed: 6753712556640587990

79 rocky1 the Arsonist (level 4, -1/29 HPs)
             Began as a Deep Elf Fire Elementalist on Jan 24, 2023.
             Was an Initiate of Vehumet.
             Slain by a spriggan
             ... wielding a +0 short sword
              (13 damage)
             ... in the Dungeon (Sprint V: "Ziggurat Sprint").
             The game lasted 00:02:07 (149 turns).

rocky1 the Arsonist (Deep Elf Fire Elementalist)     Turns: 149, Time: 00:02:08

Health: -1/29      AC:  2    Str:  5    XL:     4   Next: 17%
Magic:  13/14      EV: 13    Int: 34    God:    Vehumet [......]
Gold:   0          SH:  0    Dex: 15    Spells: 15/16 levels left

rFire   . . .      SeeInvis .    D - +5 quick blade
rCold   . . .      Faith    .    (no shield)
rNeg    . . .      Spirit   .    a - +0 robe
rPois   .          Reflect  .    (no helmet)
rElec   .          Harm     .    (no cloak)
rCorr   .          Rampage  .    (no gloves)
Will    .....      NoTele   +    (no boots)
Stlth   ++                       (no amulet)
HPRegen 0.24/turn                t - +6 ring of intelligence
MPRegen 0.14/turn                u - +6 ring of intelligence

@: no status effects
A: no striking features
a: Renounce Religion


You were in the Dungeon.
You worshipped Vehumet.
Vehumet was noncommittal.
You visited 1 branch

Inventory:

Hand Weapons
 A - the +6 Majin-Bo {spellvamp, MP+6 Int+6}
   (You found it in the Dungeon)

   Int:       It affects your intelligence (+6).
   MP:        It affects your magic capacity (+6).
 B - the +8 lance "Wyrmbane" {slay drac, rPois rF+ rC+ AC+3}
   (You found it in the Dungeon)

   AC:        It affects your AC (+3).
   rF:        It protects you from fire.
   rC:        It protects you from cold.
   rPois:     It protects you from poison.
 C - a +5 dagger
 D - a +5 quick blade (weapon)
 E - a +5 rapier
 F - a +5 demon blade
 G - a +5 double sword
Armour
 a - a +0 robe (worn)
 H - a +3 buckler
Magical Staves
 I - a staff of air
Jewellery
 q - a ring of flight
 r - a +6 ring of dexterity
 s - a +6 ring of dexterity
 t - a +6 ring of intelligence (left hand)
 u - a +6 ring of intelligence (right hand)
 v - a +6 ring of strength
 w - a +6 ring of strength
Wands
 x - a wand of mindburst (7)
 y - a wand of iceblast (7)
 z - a wand of acid (7)
Scrolls
 g - 3 scrolls of blinking
 m - 4 scrolls of amnesia
 n - 7 scrolls of fog
 o - 5 scrolls of identify
 p - 2 scrolls of fear
Potions
 b - 8 potions of magic
 c - 10 potions of curing
 d - 10 potions of heal wounds
 e - 6 potions of haste
 f - 2 potions of berserk rage
 h - 2 potions of brilliance
 i - 2 potions of invisibility
 j - 4 potions of resistance
 l - 5 potions of might


   Skills:
 + Level 4.0 Fighting
 + Level 3.6 Dodging
 - Level 3.4 Stealth
 + Level 6.7 Spellcasting
 * Level 5.8 Conjurations
 * Level 8.4 Fire Magic


You had 15 spell levels left.
You knew the following spells:

 Your Spells              Type           Power      Damage    Failure   Level
a - Foxfire               Conj/Fire      100%       2x1d9     1%          1

Your spell library contained the following spells:

 Spells                   Type           Power      Damage    Failure   Level
 Scorch                   Fire           100%       2d10      1%          2
 Inner Flame              Hex/Fire       40%        N/A       1%          3
 Flame Wave               Conj/Fire      56%        2d13      1%          4
 Kindle Blastsparks       Fire/Tloc/Air  60%        2d15      3%          3


Dungeon Overview and Level Annotations

Branches:
Dungeon (1/1)

Altars:
Ashenzari
Cheibriados
Dithmenos
Elyvilon
Fedhas
Gozag
Hepliaklqana
Kikubaaqudgha
Makhleb
Nemelex Xobeh
Okawaru
Qazlal
Ru
Sif Muna
Trog
Uskayaw
Vehumet
Wu Jian
Xom
Yredelemnul
Zin
The Shining One
Jiyva
Lugonu

Annotations:
D 1 transporter


Message History

You feel more experienced!
Your Fighting skill gained 4 levels and is now at level 4!
Your Spellcasting skill gained 2 levels and is now at level 6!
Your Conjurations skill gained 4 levels and is now at level 5!
Your Fire Magic skill gained 2 levels and is now at level 8!
You have reached level 4!
You feel clever.
Unknown command.
You start resting.
You recover from your berserk rage.
You start resting.
Magic restored.
Okay, then.
There is a transporter here.
Welcome to arena 2.
You enter the transporter and appear at another place.
A black bear and 2 spriggans come into view.
Found a phial of floods, a manual of Long Blades and a book of Unlife.
Found a transporter.
Unknown command.
Casting: Foxfire (safe; 1% risk of failure)
Confirm with . or Enter, or press ? or * to list all spells.
Okay, then.
Memorise Scorch, consuming 2 spell levels and leaving 13?
The spriggan shouts!
The black bear growls angrily.
You start memorising the spell.
You continue memorising.
The spriggan shouts!
You continue memorising.
The spriggan hits you with a +0 rapier!!
Your memorisation is interrupted.
Ouch! That really hurt!
Unknown command.
Blink to where?
Press: ? - help, Dir - move target
As you read the scroll of blinking, it crumbles to dust.
Casting: Foxfire (safe; 1% risk of failure)
Confirm with . or Enter, or press ? or * to list all spells.
You conjure some foxfire!
The spriggan hits you with a +0 short sword!
You die...

▓▓▓▓▓▓▓▓▓▓▓▓▓
▓v8©8.▓.8©8.▓
▓@v}:.▓.....▓
▓hi...▓..)..▓
▓i....▓.....▓
▓.....▓.....▓
▓.....▓..©..▓
▓..©..▓▓▓▓▓▓▓
▓▓▓▓▓▓▓


You could see a black bear and 2 spriggans.

Vanquished Creatures
  A crimson imp (D)
  A quokka zombie (D)
2 creatures vanquished.

Notes
Turn   | Place    | Note
-------+----------+-------------------------------------------
     0 | D        | rocky1 the Deep Elf Fire Elementalist began the quest for
                  | the Orb.
     0 | D        | Reached XP level 1. HP: 10/10 MP: 6/6
     0 | D        | Found a shimmering blue altar of Sif Muna.
     0 | D        | Found a bloodstained altar of Trog.
     0 | D        | Found a sacrificial altar of Ru.
     0 | D        | Found a stormy altar of Qazlal.
     0 | D        | Found an iron altar of Okawaru.
     1 | D        | Found a sparkling altar of Nemelex Xobeh.
     1 | D        | Found a blossoming altar of Fedhas.
     1 | D        | Found the +6 Majin-Bo {spellvamp, MP+6 Int+6}
     1 | D        | Found the +27 heavy crossbow "Sniper" {heavy, Acc+∞ SInv}
     1 | D        | Found the +10 dark maul {heavy}
     1 | D        | Found the +15 Maxwell's patent armour {-Cast -Tele rElec
                  | Will+ rCorr}
     1 | D        | Found the +18 shield of the Gong {Loud rElec rN+ Will+
                  | EV-5}
     1 | D        | Found the +16 obsidian axe {drain, demonic, Mesm Drain Fly
                  | SInv}
     1 | D        | Found the +7 great mace "Firestarter" {flame, inner flame,
                  | rFlCloud rF++}
     1 | D        | Found the +6 shillelagh "Devastator" {shatter}
     1 | D        | Found the +11 plutonium sword {Contam Stlth-}
     1 | D        | Found the +8 lance "Wyrmbane" {slay drac, rPois rF+ rC+
                  | AC+3}
     1 | D        | Found the +9 sword of Zonguldrok {reap}
     1 | D        | Found the +13 scythe of Curses {drain, curses, Drain}
     1 | D        | Found the +9 sword of Power {lifebolt}
     1 | D        | Found the +7 mace of Variability {chaos, chain chaos}
     1 | D        | Found the +11 Singing Sword {sonic wave}
     1 | D        | Found the +8 storm bow {elec, penet}
     3 | D        | Found a transporter.
     3 | D        | Found an ancient bone altar of Kikubaaqudgha.
     3 | D        | Found a viscous altar of Jiyva.
     3 | D        | Found a corrupted altar of Lugonu.
     3 | D        | Found a hazy altar of Hepliaklqana.
     3 | D        | Found a burning altar of Makhleb.
     3 | D        | Found an opulent altar of Gozag.
    63 | D        | Became a worshipper of Vehumet
    80 | D        | Entered arena 2.
    80 | D        | Noticed a crimson imp
    80 | D        | Found a transporter.
    84 | D        | Killed a crimson imp
    85 | D        | Reached skill level 6 in Fire Magic
    85 | D        | Reached XP level 2. HP: 15/15 MP: 6/9
    85 | D        | Reached XP level 3. HP: 19/19 MP: 7/11
   121 | D        | Reached skill level 5 in Conjurations
   121 | D        | Reached skill level 8 in Fire Magic
   121 | D        | Reached XP level 4. HP: 29/29 MP: 11/14
   144 | D        | Entered arena 3.
   144 | D        | Noticed a spriggan
   144 | D        | Noticed a black bear
   144 | D        | Noticed a spriggan
   144 | D        | Found a transporter.
   149 | D        | Slain by a spriggan

Illustrated notes

Levels and vault maps discovered:
D:        sprint_v [room_start, room_1, room_2, room_3, room_4, room_5, room_6,
          room_7, room_8, room_9, room_10, room_11, room_12, room_13, room_14,
          room_15, room_16, room_17, room_18, room_19, room_20, room_21,
          room_22, room_23, room_24, room_25, room_26, room_27]

Skill      XL: |  1  2  3 |
---------------+----------+-----
Dodging        | 3 |  3.6
Stealth        | 3 |  3.4
Spellcasting   | 4 6 |  6.7
Fire Magic     | 6 8 |  8.4
Fighting       | 4 |  4.0
Conjurations   | 5 |  5.8

Action                     |  1- 3 |  4- 6 || total
---------------------------+-------+-------++-------
  Melee: Quick blade       |     3 |       ||     3
   Cast: Foxfire           |       |     1 ||     1
    Use: Potion            |     2 |       ||     2
         Scroll            |       |     1 ||     1

Table legend: (Time is in decaauts)
 A = Elapsed time spent in this place.
 B = Non-inter-level travel time spent in this place.
 C = Inter-level travel time spent in this place.
 D = Time resting spent in this place.
 E = Time spent auto-exploring this place.
 F = Levels seen in this place.
 G = Mean time per level.
                   A        B        C        D        E       F      G
               +--------+--------+--------+--------+--------+-----+--------+
         Total |    158 |    158 |      0 |     53 |      0 |   1 |  158.0 |
       Dungeon |    158 |    158 |      0 |     53 |      0 |   1 |  158.0 |
               +--------+--------+--------+--------+--------+-----+--------+

Top non-repeatable levels by time:
       D: 158 daAuts
